 Dungeon Crawl Stone Soup version 0.19.5 (webtiles) character file.

9519 Hybris the Spear-Bearer (level 11, -7/135 HPs)
             Began as a Demonspawn Berserker on Mar 31, 2017.
             Was a High Priest of Trog.
             Mangled by a fire elemental (8 damage)
             ... summoned by a deep elf mage
             ... on level 12 of the Dungeon.
             The game lasted 00:30:09 (13325 turns).

Hybris the Spear-Bearer (Demonspawn Berserker)     Turns: 13325, Time: 00:30:10

Health: -7/135     AC: 12    Str: 29    XL:     11   Next: 24%
Magic:  11/11      EV:  8    Int: 10    God:    Trog [*****.]
Gold:   407        SH:  8    Dex: 13    Spells: 0 memorised, 10 levels left

rFire  . . .     SeeInvis .     A - +5 trident of the Eight Dances {drain, rN+ Int+2}
rCold  + . .     Gourm    .     C - +3 scale mail {rC+}
rNeg   + . .     Faith    .     D - +0 shield
rPois  +         Spirit   .     (no helmet)
rElec  .         Reflect  .     (no cloak)
rCorr  .         Harm     .     b - +1 pair of gloves
MR     +++..                    s - +0 pair of boots
Stlth  ..........               o - amulet of magic regeneration
                                r - ring of poison resistance
                                e - +3 ring of strength

@: berserking, regenerating, very quick
A: talons 2, deterioration 2, magic resistance 1, powered by pain 2, sturdy
frame 2
a: Berserk, Trog's Hand, Brothers in Arms, Burn Spellbooks, Renounce Religion


You were on level 12 of the Dungeon.
You worshipped Trog.
Trog was extremely pleased with you.
You were very hungry.

You visited 1 branch of the dungeon, and saw 12 of its levels.
You also visited: Sewer.

You collected 578 gold pieces.
You spent 171 gold pieces at shops.

Inventory:

Hand Weapons
 A - the +5 trident of the Eight Dances (weapon) {drain, rN+ Int+2}
   (You found it on level 4 of the Dungeon)

   A truly terrible weapon, it drains the life of those it strikes.
   It affects your intelligence (+2).
   It protects you from negative energy.
 G - a +4 halberd of chopping
Armour
 b - a +1 pair of gloves (worn)
 s - a +0 pair of boots (worn)
 C - a +3 scale mail of cold resistance (worn)
 D - a +0 shield (worn)
Jewellery
 e - a +3 ring of strength (left hand)
 k - an uncursed ring of flight
 o - an amulet of magic regeneration (around neck)
 r - a ring of poison resistance (right hand)
 I - an uncursed ring of protection from cold
Wands
 l - a wand of confusion (32/48)
 v - a wand of random effects (36/48)
Scrolls
 g - 9 scrolls of identify
 h - 2 scrolls of remove curse
 p - 9 scrolls of teleportation
 t - 2 scrolls of enchant armour
 x - a scroll of fog
 M - a scroll of fear
 N - a scroll of recharging
 O - a scroll of magic mapping
Potions
 a - a potion of degeneration {unknown}
 d - a potion of invisibility {unknown}
 i - 7 potions of flight
 j - a potion of mutation
 n - 6 potions of curing
 u - a potion of haste {unknown}
 z - a potion of agility {unknown}
 F - a potion of heal wounds {unknown}
 H - a potion of might
 K - a potion of brilliance {unknown}
Comestibles
 c - 7 bread rations
 m - a beef jerky
 q - 4 meat rations
 B - 6 fruits
 E - 2 slices of pizza


   Skills:
 + Level 9.7 Fighting
   Level 7.1(10.5) Axes
   Level 0.5(4.4) Maces & Flails
 * Level 11.9(12.6) Polearms
 - Level 1.7 Armour
 - Level 1.7 Dodging


You had 10 spell levels left.
You didn't know any spells.

Dungeon Overview and Level Annotations

Branches:
Dungeon (12/15)            Temple (0/1) D:5            Lair (0/6) D:11
    Orc (0/2) D:11

Altars:
Elyvilon
Kikubaaqudgha
Makhleb
Nemelex Xobeh
Ru
Sif Muna
Uskayaw
Vehumet
The Shining One

Shops:
D:10 (


Innate Abilities, Weirdness & Mutations

You have razor-sharp toenails.
You sometimes gain power by taking damage.
Your movements are less encumbered by armour. (ER -4)
Your body often deteriorates upon taking damage.
You are resistant to hostile enchantments. (MR+)


Message History

* * * LOW HITPOINT WARNING * * *
You closely miss the deep elf mage.
The deep elf mage is lightly wounded.
The fire elemental hits you.
* * * LOW HITPOINT WARNING * * *
The fire elemental burns you!
* * * LOW HITPOINT WARNING * * *
The yak gores you but does no damage. The fire elemental barely misses you.
You are too berserk!
You block the deep elf mage's attack. The fire elemental hits you.
* * * LOW HITPOINT WARNING * * *
The fire elemental burns you!
* * * LOW HITPOINT WARNING * * *
There is an escape hatch in the floor here.
You can't go up here!
You feel a strong urge to attack something.
The fire elemental hits you. The fire elemental burns you!
* * * LOW HITPOINT WARNING * * *
The fire elemental hits you. The fire elemental burns you!
You die...

######## #######
.....#.# #..>§Y####
.#.#.#.#####...eEYE.#
.#.#...##..'...E@##.#
##.######.##.....#
.#.....##.##.....#
.#####.##.##.....#
....[..#..##.....#
########.###.....#
.....#.'.# #..)..#
####.#.### ####+##
.......#


You could see a deep elf mage, 2 yaks and 3 fire elementals.

Vanquished Creatures
  Fannar (D:10)
  3 hill giants
  Pikel (D:6)
  An ugly thing (D:11)
  A cyclops (D:11)
  A manticore (D:10)
  A troll (D:9)
  Grinder (D:5)
  A hippogriff (D:7)
  2 yaks (D:12)
  A hungry ghost (D:7)
  A warg (D:11)
  The ghost of strmesko the Magician, an amateur HEWz (Sewer)
  7 orc warriors
  A slave (D:6)
  3 ice beasts
  A sky beast (D:5)
  An ogre (D:9)
  A phantom (D:11)
  2 centaurs
  A crocodile (D:11)
  3 bullfrogs
  4 scorpions
  A water moccasin skeleton (D:7)
  11 wights
  10 howler monkeys
  4 crimson imps
  A quasit (D:8)
  2 hounds
  A bullfrog zombie (D:11)
  2 centaur skeletons
  2 jellies
  4 orc priests
  12 orc wizards
  A gnoll shaman (D:4)
  An iguana (D:5)
  Ijyb (D:3)
  Natasha (thrice) (D:4)
  8 worker ants
  A hound zombie (D:6)
  A howler monkey zombie (D:11)
  10 gnolls
  A worker ant zombie (D:9)
  11 adders
  3 shadow imps
  4 oozes
  An adder skeleton (D:4)
  6 worms
  5 leopard geckos
  33 orcs
  7 giant cockroaches
  5 hobgoblins
  15 jackals
  4 quokkas
  2 ball pythons
  11 bats
  6 frilled lizards
  A giant cockroach zombie (D:5)
  2 goblins
  5 kobolds
  2 leopard gecko skeletons
  A leopard gecko zombie (D:5)
  A quokka skeleton (D:4)
  15 rats
257 creatures vanquished.

Vanquished Creatures (collateral kills)
  An adder (D:11)
  An orc (D:11)
2 creatures vanquished.

Vanquished Creatures (others)
  A giant cockroach (Sewer)
1 creature vanquished.

Grand Total: 260 creatures vanquished

Notes
Turn   | Place    | Note
-------+----------+-------------------------------------------
     0 | D:1      | Hybris the Demonspawn Berserker began the quest for the Orb.
     0 | D:1      | Reached XP level 1. HP: 18/18 MP: 1/1
   679 | D:1      | Gained mutation: You have sharp toenails. [demonic ancestry]
   679 | D:1      | Reached XP level 2. HP: 14/24 MP: 2/2
  1449 | D:2      | Gained mutation: Your movements are slightly less encumbered by armour. (ER -2) [demonic ancestry]
  1449 | D:2      | Reached XP level 3. HP: 29/29 MP: 3/3
  1451 | D:2      | Reached ** piety under Trog
  1885 | D:2      | Reached XP level 4. HP: 26/35 MP: 4/4
  2698 | D:2      | Found a burning altar of Makhleb.
  2742 | D:2      | Noticed a cacodemon
  2746 | D:2      | Noticed a ynoxinul
  2746 | D:2      | Noticed a smoke demon
  2817 | D:3      | Found a sacrificial altar of Ru.
  2913 | D:3      | Found a radiant altar of Vehumet.
  3066 | D:3      | Found a hide-covered altar of Uskayaw.
  3066 | D:3      | Noticed Ijyb
  3082 | D:3      | Killed Ijyb
  3125 | D:3      | Reached skill level 5 in Axes
  3359 | D:3      | Reached XP level 5. HP: 41/41 MP: 5/5
  3367 | D:3      | Found a glowing drain.
  3371 | Sewer    | Entered a sewer
  3812 | Sewer    | Noticed strmesko's ghost (amateur HEWz)
  3882 | Sewer    | HP: 2/61 [strmesko's ghost (2)]
  3885 | Sewer    | Killed strmesko's ghost
  4159 | Sewer    | Reached XP level 6. HP: 47/47 MP: 6/6
  4161 | Sewer    | Reached *** piety under Trog
  5103 | D:3      | Found a sparkling altar of Nemelex Xobeh.
  5103 | D:3      | Found a burning altar of Makhleb.
  5297 | D:4      | Noticed Natasha
  5339 | D:4      | Killed Natasha
  5365 | D:4      | Noticed Natasha
  5986 | D:4      | Got a brightly glowing trident
  5987 | D:4      | Identified the +5 trident of the Eight Dances {drain, rN+ Int+2} (You found it on level 4 of the Dungeon)
  6032 | D:4      | Found an ancient bone altar of Kikubaaqudgha.
  6130 | D:4      | Killed Natasha
  6130 | D:4      | Gained mutation: Your movements are less encumbered by armour. (ER -4) [demonic ancestry]
  6130 | D:4      | Reached XP level 7. HP: 35/52 MP: 7/7
  6512 | D:4      | Noticed Natasha
  6516 | D:4      | Killed Natasha
  6516 | D:4      | Reached skill level 1 in Polearms
  6524 | D:5      | Entered Level 5 of the Dungeon
  6607 | D:5      | Reached **** piety under Trog
  6607 | D:5      | Reached skill level 2 in Polearms
  6698 | D:5      | Noticed Grinder
  6702 | D:5      | Paralysed by Grinder for 4 turns
  6715 | D:5      | Killed Grinder
  6715 | D:5      | Reached skill level 3 in Polearms
  6945 | D:5      | Found a staircase to the Ecumenical Temple.
  6953 | D:5      | Reached skill level 4 in Polearms
  6954 | D:5      | Gained mutation: You sometimes gain a little power by taking damage. [demonic ancestry]
  6954 | D:5      | Reached XP level 8. HP: 50/61 MP: 8/8
  7118 | D:5      | Reached skill level 5 in Polearms
  7309 | D:6      | Noticed Pikel
  7332 | D:6      | Killed Pikel
  7332 | D:6      | Reached skill level 5 in Fighting
  7332 | D:6      | Reached skill level 6 in Polearms
  8114 | D:6      | Gained mutation: You sometimes gain power by taking damage. [demonic ancestry]
  8114 | D:6      | Reached XP level 9. HP: 66/69 MP: 9/9
  8352 | D:7      | Reached skill level 7 in Polearms
  8871 | D:7      | Gained mutation: Your body sometimes deteriorates upon taking damage. [potion of mutation]
  8871 | D:7      | Gained mutation: Your body often deteriorates upon taking damage. [potion of mutation]
  8871 | D:7      | Gained mutation: You are resistant to hostile enchantments. (MR+) [potion of mutation]
  9000 | D:8      | Found a white marble altar of Elyvilon.
  9046 | D:8      | Reached skill level 8 in Polearms
  9234 | D:8      | Found a glowing golden altar of the Shining One.
  9242 | D:8      | Noticed a hill giant
  9250 | D:8      | Killed a hill giant
  9510 | D:8      | Reached ***** piety under Trog
  9858 | D:9      | Reached skill level 9 in Polearms
  9912 | D:9      | Noticed a troll
  9918 | D:9      | Killed a troll
 10167 | D:9      | Reached XP level 10. HP: 49/79 MP: 10/10
 10437 | D:9      | Found a deep blue altar of Sif Muna.
 11062 | D:10     | Entered Level 10 of the Dungeon
 11072 | D:10     | Reached skill level 10 in Polearms
 11157 | D:10     | Found Usiqo's Antique Weapon Emporium.
 11176 | D:10     | Bought a crude morningstar for 171 gold pieces
 11176 | D:10     | Identified the +2 morningstar "Nookki" {vamp, rF+ rC+ Str-3 Int+5} (You bought it in a shop on level 10 of the Dungeon)
 11192 | D:10     | Noticed a hill giant
 11197 | D:10     | Killed a hill giant
 11307 | D:10     | Noticed Fannar
 11327 | D:10     | Killed Fannar
 11607 | D:10     | Reached skill level 11 in Polearms
 11618 | D:10     | Noticed a manticore
 11628 | D:10     | Killed a manticore
 11933 | D:11     | Received a gift from Trog
 12078 | D:11     | Found a staircase to the Orcish Mines.
 12518 | D:11     | Noticed a cyclops
 12527 | D:11     | Killed a cyclops
 12527 | D:11     | Gained mutation: You have razor-sharp toenails. [demonic ancestry]
 12527 | D:11     | Reached XP level 11. HP: 77/89 MP: 11/11
 12550 | D:11     | Noticed a hill giant
 12558 | D:11     | Killed a hill giant
 12587 | D:11     | Noticed a white ugly thing
 12599 | D:11     | Killed a white ugly thing
 12875 | D:11     | Found a staircase to the Lair.
 13304 | D:12     | Noticed a deep elf mage
 13324 | D:12     | HP: 6/135 [fire elemental[a deep elf mage] (4)]
 13325 | D:12     | HP: 1/135 [fire elemental[a deep elf mage] (6)]
 13325 | D:12     | Mangled by a fire elemental

Skill      XL: |  1  2  3  4  5  6  7  8  9 10 |
---------------+-------------------------------+-----
Axes           | 3 4 5 6 7 |  7.1
Polearms       | 4 6 9 11 | 11.9
Fighting       | 4 5 7 9 |  9.7
Maces & Flails | |  0.5
Armour         | |  1.7
Dodging        | |  1.7

Action                   |  1- 3 |  4- 6 |  7- 9 | 10-12 || total
-------------------------+-------+-------+-------+-------++-------
Melee: Hand axe          |    72 |   309 |       |       ||   381
       Kick              |    13 |     3 |       |       ||    16
       Flail             |       |    15 |       |       ||    15
       Trident           |       |     6 |   294 |   329 ||   629
Invok: Berserk           |     2 |     4 |     2 |     2 ||    10
       Trog's Hand       |       |     2 |     2 |     5 ||     9
       Burn Spellbooks   |       |     1 |     2 |       ||     3
       Brothers in Arms  |       |       |       |     1 ||     1
 Abil: Evoke Flight      |       |     2 |       |       ||     2
  Use: Potion            |       |     4 |     1 |     1 ||     6
       Scroll            |       |     4 |    10 |     5 ||    19
  Eat: Chunk             |     5 |    16 |    13 |    11 ||    45
       Beef jerky        |       |     2 |       |       ||     2
       Meat ration       |       |       |     1 |       ||     1
       Royal jelly       |       |       |       |     1 ||     1
Armor: Animal skin       |     7 |       |       |       ||     7
       Scale mail        |    11 |   145 |   102 |    94 ||   352
       Skin              |       |     2 |       |       ||     2
Dodge: Dodged            |    49 |   177 |    95 |    60 ||   381
Block: Shield            |       |       |    15 |    67 ||    82
